Map: Tourmaline LE

Players

Ragnarok (SHIN)

  • Race: Zerg Zerg
  • League: Master

인공지능 칸 (아주 쉬움) - Winner!

  • Race: Terran Terran

VOD

Have the link to the VOD?

Description

Time

  • Played on: May 24, 2026, 11:01 a.m.
  • Length: 5:25
Show
View Real Time Build Order
Export as new Build Order

Ragnarok Zerg 

Build Orders: Hatch First 

Get SALT Encoding   

  12  0:00  Drone  
  13  0:08  Drone  
  14  0:16  Overlord  
  14  0:34  Drone x2  
  16  0:47  Hatchery  
  16  0:48  Drone  
  16  0:52  Drone  
  16  0:57  Drone  
  18  1:07  Extractor  
  17  1:12  Spawning Pool  
  17  1:13  Drone  
  17  1:18  Drone  
  18  1:29  Drone  
  19  1:39  Drone  
  20  1:50  Drone  
  21  1:59  Queen x2  
  21  2:00  Zergling x2, Overlord  
  26  2:11  Drone x2, Metabolic Boost  
  28  2:20  Drone  
  28  2:22  Drone  
  30  2:33  Hatchery  
  30  2:34  Zergling x2  
  30  2:40  Drone  
  30  2:42  Drone  
  32  2:47  Baneling Nest  
  31  2:52  Overlord  
  31  2:55  Drone x2  
  33  3:06  Drone  
  33  3:08  Zergling x4  
  33  3:11  Zergling x2  
  37  3:13  Drone x4  
  37  3:19  Queen  
  41  3:23  Overlord  
  41  3:26  Drone  
  44  3:30  Baneling  
  44  3:36  Roach Warren  
  44  3:38  Drone  
  44  3:43  Drone x4  
  44  3:44  Drone  
  44  3:47  Drone x2  
  51  3:53  Overlord  
  51  3:56  Extractor  
  51  3:57  Overlord  
  51  4:01  Overlord  
  49  4:17  Roach x4  
  49  4:18  Roach x3  
  49  4:22  Roach x2  
  69  4:24  Roach  
  69  4:32  Zergling x8  
  69  4:37  Zergling x4  
  75  4:42  Zergling x8  
  75  4:45  Overlord  
  79  4:46  Zergling x4  
  79  4:51  Overlord  
  81  4:59  Overlord  
  81  5:03  Zergling x14  
  88  5:10  Baneling x10  
Show
View Real Time Build Order
Export as new Build Order

인공지능 칸 (아주 쉬움) Terran - Winner!

Build Orders:  

Get SALT Encoding   

  12  0:00  SCV  
  13  0:13  SCV  
  14  0:19  Supply Depot  
  14  0:36  Refinery  
  14  0:43  Barracks  
  14  1:03  Supply Depot  
  14  1:12  Refinery  
  14  1:29  SCV  
  14  1:31  Marine  
  16  1:41  SCV  
  17  1:53  SCV  
  18  2:02  Marine  
  18  2:05  SCV  
  20  2:17  SCV  
  21  2:29  SCV  
  22  2:34  Marine  
  23  2:42  Orbital Command  
Tags
 
League
Master
Matchup
TvZ
Player
SHIN
Add a new tag
Caveats
  • Supply blocks, unpowered buildings, or Contaminate may cause inaccurate times.
  • Supply counts are checked every 10 seconds.